 Dungeon Crawl Stone Soup version 0.23.2-30-g0e89c35649 (webtiles) character file.

Game seed: 3429475466079368045

15663 catspaw the Grappler (level 12, -2/111 HPs)
             Began as a Troll Earth Elementalist on June 13, 2019.
             Was a High Priest of Cheibriados.
             Slain by a six-headed hydra (9 damage)
             ... on level 11 of the Dungeon.
             The game lasted 00:35:55 (12334 turns).

catspaw the Grappler (Troll Earth Elementalist)    Turns: 12334, Time: 00:35:56

Health: -2/111     AC: 11    Str: 34    XL:     12   Next: 3%
Magic:  7/15       EV: 10    Int: 28    God:    Cheibriados [*****.]
Gold:   296        SH: 15    Dex: 23    Spells: 4/15 levels left

rFire    . . .     SeeInvis .     - Unarmed
rCold    . . .     Gourm    +   y - +2 shield
rNeg     . . .     Faith    .   w - +2 robe {MR+}
rPois    .         Spirit   .   (helmet restricted)
rElec    .         Reflect  .   m - +2 cloak
rCorr    .         Harm     .   (gloves unavailable)
MR       +....                  (boots unavailable)
Stlth    +++.......             (no amulet)
HPRegen  0.68/turn              D - +2 ring of strength
MPRegen  0.14/turn              u - ring of stealth

@: very slow
A: large, unfitting armour, claws 3, fast metabolism 3, gourmand, regeneration
1, shaggy fur 1, tough skin 3
a: Bend Time, Temporal Distortion, Slouch, Step From Time, Renounce Religion


You were on level 11 of the Dungeon.
You worshipped Cheibriados.
Cheibriados was extremely pleased with you.
You were completely stuffed.

You visited 1 branch of the dungeon, and saw 11 of its levels.

You collected 545 gold pieces.
You spent 249 gold pieces at shops.

Inventory:

Hand Weapons
 o - a +0 halberd of draining
Missiles
 b - 380 stones (quivered)
 L - 5 silver tomahawks
Armour
 m - a +2 cloak (worn)
 w - a +2 robe of magic resistance (worn)
 y - a +2 shield (worn)
Jewellery
 j - an uncursed ring of fire
 u - a ring of stealth (right claw)
 D - a +2 ring of strength (left claw)
 F - an uncursed ring of ice
Wands
 r - a wand of enslavement (14)
 v - a wand of polymorph (1)
 B - a wand of disintegration (29)
 C - a wand of acid (13)
Scrolls
 a - 2 scrolls of fear
 c - 2 scrolls of remove curse
 e - 2 scrolls of enchant armour
 f - 3 scrolls of magic mapping
 h - 2 scrolls of noise
 i - a scroll of fog
 z - 2 scrolls of teleportation
 H - a scroll of amnesia
 I - a scroll of random uselessness
Potions
 g - a potion of haste
 k - a potion of resistance
 l - 9 potions of curing
 n - 2 potions of magic
 p - a potion of ambrosia {unknown}
 q - 3 potions of heal wounds
 s - 2 potions of invisibility {unknown}
 t - 3 potions of agility
Comestibles
 d - 19 rations
 x - 2 chunks of flesh


   Skills:
 * Level 5.3 Fighting
 - Level 1.5 Dodging
 - Level 1.0 Stealth
 * Level 7.5 Shields
 + Level 13.1 Unarmed Combat
 - Level 2.4 Spellcasting
 - Level 1.3 Conjurations
 - Level 3.0 Transmutations
 - Level 4.0 Earth Magic
 * Level 5.7 Invocations


You had 4 spell levels left.
You knew the following spells:

 Your Spells              Type           Power        Failure   Level  Hunger
a - Sandblast             Erth           ####..       2%          1    None
b - Passwall              Tmut/Erth      ###.....     4%          2    ##.....
c - Stone Arrow           Conj/Erth      ###...       12%         3    ###....
d - Beastly Appendage     Tmut           ###...       3%          1    None
e - Ice Form              Ice/Tmut       ##......     54%         4    ####...

Your spell library contained the following spells:

 Spells                   Type           Power        Failure   Level  Hunger
 Sticks to Snakes         Tmut           ###.....     5%          2    ##.....
 Spider Form              Tmut/Pois      ##........   19%         3    ###....
 Petrify                  Tmut/Erth      ###.....     28%         4    ####...
 Lee's Rapid Deconstruct  Erth           ####......   54%         5    ######.
 Blade Hands              Tmut           ###.......   67%         5    ######.


Dungeon Overview and Level Annotations

Branches:
Dungeon (11/15)            Temple (0/1) D:6            Lair (0/6) D:10
    Orc: D:9-12

Altars:
Ashenzari
Cheibriados
Elyvilon
Fedhas
Gozag
Okawaru
Qazlal
Sif Muna
Trog
Yredelemnul
Zin

Shops:
D:4 ?   D:5 [   D:7 %   D:8 *

Annotations:
D:1 exclusion: downstairs
D:2 Terence
D:3 exclusion: downstairs
D:4 1 runed translucent door, exclusion: downstairs, Crazy Yiuf
D:7 Joseph
D:11 exclusion: door


Innate Abilities, Weirdness & Mutations

You are too large for most types of armour.
You have claws for hands.
Your metabolism is lightning-fast.
You like to eat raw meat.
Your natural rate of healing is unusually fast.
You are covered in fur. (AC +1)
You have extremely tough skin. (AC +3)


Message History

The six-headed hydra bites you but does no damage.
The six-headed hydra bites you!
* * * LOW HITPOINT WARNING * * *
The flow of time bends around you.
Cheibriados rebukes the six-headed hydra.
The six-headed hydra seems to slow down.
You feel slightly less full. The six-headed hydra bites you.
* * * LOW HITPOINT WARNING * * *
You block the six-headed hydra's attack. x3
The six-headed hydra misses you.
The six-headed hydra closely misses you.
You can feel time thicken for a moment.
You feel somewhat less full.
Cheibriados lowers the support of your attributes as your movement quickens.
The six-headed hydra bites you!!
* * * LOW HITPOINT WARNING * * *
The six-headed hydra closely misses you.
The six-headed hydra barely misses you. x2
You block the six-headed hydra's attack.
The six-headed hydra bites you!
You die...

.............#
#.......##..#.
.............#
#.......##..'.
####'#########
##########..#.
.............# #..#.
####.....####### ####.
####.....# #... #.
.........###.###########
#.
...............รท........
#.
###'############@#####. .
.................D...#
.....................#
............<........#
#########+#####..##..# .
#..# ..# # #... .# #...
.#


You could see a six-headed hydra.

Vanquished Creatures
  Pikel (D:5)
  3 ugly things (D:11)
  A gargoyle (D:10)
  4 molten gargoyles (D:11)
  A kobold demonologist (D:11)
  5 hippogriffs
  A spriggan (D:8)
  A wyvern (D:10)
  A wraith (D:10)
  36 yaks
  2 vampire mosquitoes (D:11)
  Menkaure (D:7)
  An acid dragon (D:10)
  2 porcupines (D:10)
  2 orc warriors
  2 sky beasts
  4 slaves
  A hornet zombie (D:9)
  4 ice beasts
  A black bear (D:8)
  6 centaurs
  6 ogres
  A big kobold (D:7)
  3 crocodiles (D:10)
  2 bullfrogs
  7 scorpions
  13 killer bees
  A howler monkey (D:8)
  6 crimson imps
  A bullfrog zombie (D:5)
  A centaur zombie (D:11)
  A lava snake (D:11)
  4 jellies
  9 orc wizards
  4 orc priests
  6 hounds
  4 bullfrog skeletons
  4 iguanas
  Jessica (D:2)
  A centaur skeleton (D:10)
  8 worker ants
  A killer bee zombie (D:8)
  A hound zombie (D:8)
  A hound skeleton (D:6)
  A howler monkey skeleton (D:11)
  7 gnolls
  12 adders
  A shadow imp (D:11)
  2 oozes
  2 adder zombies
  3 worms
  3 dart slugs (D:1)
  3 leopard geckos
  46 orcs
  2 ball pythons
  11 giant cockroaches
  6 goblins
  9 hobgoblins
  2 jackals (D:1)
  6 quokkas
  7 bats
  5 frilled lizards
  26 kobolds
  2 leopard gecko skeletons
  3 rats
325 creatures vanquished.

Vanquished Creatures (others)
  3 fungi (D:10)
  4 plants (D:10)
  4 toadstools (D:1)
11 creatures vanquished.

Grand Total: 336 creatures vanquished

Notes
Turn   | Place    | Note
-------+----------+-------------------------------------------
     0 | D:1      | catspaw the Troll Earth Elementalist began the quest for
                  | the Orb.
     0 | D:1      | Reached XP level 1. HP: 16/16 MP: 1/1
    12 | D:1      | Reached skill level 1 in Unarmed Combat
    53 | D:1      | Reached XP level 2. HP: 24/24 MP: 2/2
    60 | D:1      | Learned a level 2 spell: Passwall
   422 | D:1      | Reached skill level 1 in Transmutations
   556 | D:1      | Reached XP level 3. HP: 19/31 MP: 3/3
   747 | D:1      | Reached skill level 2 in Unarmed Combat
  1126 | D:2      | Noticed Jessica
  1154 | D:2      | Killed Jessica
  1196 | D:2      | Noticed Terence
  1379 | D:2      | Reached XP level 4. HP: 34/39 MP: 5/5
  1658 | D:2      | Learned a level 3 spell: Stone Arrow
  2056 | D:3      | Found an opulent altar of Gozag.
  2100 | D:3      | Reached skill level 3 in Unarmed Combat
  2360 | D:3      | Reached XP level 5. HP: 45/45 MP: 6/6
  2430 | D:3      | Found a glowing silver altar of Zin.
  2446 | D:3      | Found a bloodstained altar of Trog.
  2449 | D:3      | Found a stormy altar of Qazlal.
  2787 | D:4      | Noticed an ogre
  2797 | D:4      | Killed an ogre
  2797 | D:4      | Reached skill level 4 in Unarmed Combat
  2797 | D:4      | Reached XP level 6. HP: 53/53 MP: 1/7
  2829 | D:4      | Found Ycvinnomn's Magic Scroll Boutique.
  2890 | D:4      | Bought a scroll of magic mapping for 35 gold pieces
  2991 | D:4      | Reached skill level 5 in Unarmed Combat
  3083 | D:4      | Found a white marble altar of Elyvilon.
  3204 | D:4      | Found an iron altar of Okawaru.
  3275 | D:4      | Found a basalt altar of Yredelemnul.
  3339 | D:4      | Found a blossoming altar of Fedhas.
  3391 | D:4      | Found a runed translucent door.
  3402 | D:4      | Noticed Crazy Yiuf
  3425 | D:5      | Entered Level 5 of the Dungeon
  3430 | D:5      | Noticed an ice beast
  3458 | D:5      | HP: 1/53 [ice beast (18)]
  3803 | D:5      | Reached XP level 7. HP: 59/59 MP: 8/8
  3851 | D:5      | Reached skill level 6 in Unarmed Combat
  3868 | D:5      | Noticed Pikel
  4067 | D:5      | Killed Pikel
  4067 | D:5      | Reached skill level 7 in Unarmed Combat
  4067 | D:5      | Reached skill level 1 in Conjurations
  4067 | D:5      | Reached XP level 8. HP: 67/67 MP: 8/10
  4315 | D:5      | Found Xeheptixt's Armour Boutique.
  4320 | D:5      | Bought a +2 shield for 214 gold pieces
  5011 | D:6      | Learned a level 1 spell: Beastly Appendage
  5079 | D:6      | Reached skill level 1 in Fighting
  5079 | D:6      | Reached skill level 1 in Shields
  5291 | D:6      | Reached skill level 8 in Unarmed Combat
  5625 | D:6      | Found a snail-covered altar of Cheibriados.
  5702 | D:6      | Became a worshipper of Cheibriados the Contemplative
  5874 | D:6      | Found a blossoming altar of Fedhas.
  5996 | D:6      | Found a staircase to the Ecumenical Temple.
  6218 | D:7      | Noticed Menkaure
  6229 | D:7      | Killed Menkaure
  6338 | D:7      | Reached skill level 1 in Invocations
  6338 | D:7      | Reached XP level 9. HP: 52/79 MP: 11/11
  6608 | D:7      | Reached * piety under Cheibriados
  6799 | D:7      | Noticed Joseph
  6852 | D:7      | Found Gadghol's Food Shoppe.
  7029 | D:7      | Found a deep blue altar of Sif Muna.
  7178 | D:8      | Reached skill level 9 in Unarmed Combat
  7327 | D:8      | Reached ** piety under Cheibriados
  7595 | D:8      | Found Hyuram's Assorted Antiques.
  7999 | D:9      | Reached skill level 10 in Unarmed Combat
  8019 | D:9      | Reached XP level 10. HP: 66/91 MP: 12/12
  8218 | D:9      | Found a shattered altar of Ashenzari.
  8287 | D:9      | Reached *** piety under Cheibriados
  8465 | D:9      | Reached skill level 5 in Shields
  8490 | D:9      | Reached skill level 11 in Unarmed Combat
  9387 | D:10     | Entered Level 10 of the Dungeon
  9394 | D:10     | Noticed a gargoyle
  9411 | D:10     | Killed a gargoyle
  9411 | D:10     | Reached **** piety under Cheibriados
  9836 | D:10     | Reached XP level 11. HP: 97/100 MP: 13/13
  9863 | D:10     | Reached ***** piety under Cheibriados
 10356 | D:10     | Reached skill level 12 in Unarmed Combat
 10445 | D:10     | Learned a level 4 spell: Ice Form
 10475 | D:10     | Found a staircase to the Lair.
 10692 | D:10     | Reached skill level 5 in Invocations
 11146 | D:11     | Noticed a purple ugly thing
 11161 | D:11     | Killed a purple ugly thing
 11275 | D:11     | Reached skill level 5 in Fighting
 11656 | D:11     | Noticed a seven-headed hydra
 11861 | D:11     | Noticed a purple ugly thing
 11861 | D:11     | Noticed a green ugly thing
 11874 | D:11     | Killed a purple ugly thing
 11880 | D:11     | Killed a green ugly thing
 11880 | D:11     | Reached skill level 13 in Unarmed Combat
 12055 | D:11     | Reached XP level 12. HP: 111/111 MP: 15/15
 12328 | D:11     | Noticed a six-headed hydra
 12334 | D:11     | Slain by a six-headed hydra

Skill      XL: |  1  2  3  4  5  6  7  8  9 10 11 |
---------------+----------------------------------+-----
Unarmed Combat | 1 2 3 4 5 7 8 10 11 13 | 13.1
Transmutations | 1 2 3 |  3.0
Earth Magic    | 3 4 |  4.0
Spellcasting   | 2 |  2.4
Conjurations   | 1 |  1.3
Fighting       | 1 3 4 5 |  5.3
Shields        | 2 4 5 7 |  7.5
Invocations    | 1 2 4 5 |  5.7
Dodging        | |  1.5
Stealth        | |  1.0

Action                   |  1- 3 |  4- 6 |  7- 9 | 10-12 || total
-------------------------+-------+-------+-------+-------++-------
Melee: Unarmed           |   101 |   214 |   447 |   454 ||  1216
       Punch             |       |     3 |     2 |       ||     5
Throw: Stone             |       |       |     5 |     1 ||     6
 Cast: Sandblast         |       |     5 |       |       ||     5
Invok: Bend Time         |       |       |     1 |     3 ||     4
       Slouch            |       |       |       |     1 ||     1
Evoke: Wand              |       |       |       |     4 ||     4
  Use: Scroll            |       |     5 |     3 |    13 ||    21
 Stab: Sleeping          |     1 |     4 |     7 |     7 ||    19
       Distracted        |       |       |     2 |     2 ||     4
  Eat: Chunk             |    12 |    26 |    38 |    25 ||   101
Armor: Robe              |    37 |    89 |   126 |    87 ||   339
       Skin              |       |       |    12 |       ||    12
Dodge: Dodged            |    42 |   100 |   130 |    79 ||   351
Block: Shield            |       |       |   144 |   228 ||   372
